 Dungeon Crawl Stone Soup version 0.29-a0-998-g1987434951 (webtiles) character file.

Game seed: 11754938886197433956

228 Kinoniko the Chopper (level 6, -3/52 HPs)
             Began as a Hill Orc Monk on Aug 5, 2022.
             Slain by Crazy Yiuf
             ... wielding a +4 quarterstaff of chaos
              (10 damage)
             ... on level 2 of the Dungeon.
             The game lasted 00:02:07 (2551 turns).

Kinoniko the Chopper (Hill Orc Monk)                Turns: 2551, Time: 00:02:08

Health: -3/52      AC:  5    Str: 14 (16) XL:     6   Next: 2%
Magic:  6/6        EV: 11    Int: 10      God:
Gold:   119        SH:  4    Dex: 13      Spells: 5/5 levels left

rFire   . . .      SeeInvis .   a - +0 hand axe
rCold   . . .      Faith    .   i - +0 buckler
rNeg    . . .      Spirit   .   e - +0 leather armour
rPois   +          Reflect  .   n - +0 helmet
rElec   .          Harm     .   (no cloak)
rCorr   .          Rampage  .   l - +0 pair of gloves
Will    +....                   (no boots)
Stlth   ++........              (no amulet)
HPRegen 0.17/turn               d - ring of poison resistance
MPRegen 0.10/turn               r - ring of willpower

@: lethally poisoned (-3 -> -14)
A: no striking features
a: no special abilities


You were on level 2 of the Dungeon.
You visited 1 branch of the dungeon, and saw 2 of its levels.

You collected 119 gold pieces.

Inventory:

Hand Weapons
 a - a +0 hand axe (weapon)
Armour
 b - a +0 robe
 e - a +0 leather armour (worn)
 i - a +0 buckler (worn)
 l - a +0 pair of gloves (worn)
 n - a +0 helmet (worn)
Jewellery
 d - a ring of poison resistance (left hand)
 r - a ring of willpower (right hand)
Scrolls
 f - a scroll of amnesia {unknown}
 g - a scroll of summoning {unknown}
 h - a scroll of immolation {unknown}
 j - a scroll of silence {unknown}
 k - a scroll of vulnerability {unknown}
 o - a scroll of enchant armour {unknown}
 q - a scroll of identify {unknown}
Potions
 c - a potion of ambrosia


   Skills:
 - Level 3.6 Fighting
 * Level 7.5 Axes
 - Level 2.4 Dodging
 - Level 1.6 Stealth
 + Level 3.0 Shields


You had 5 spell levels left.
You didn't know any spells.
Your spell library contained the following spells:

 Spells                   Type           Power      Damage    Failure   Level
 Dazzling Flash           Conj/Hex       0%         N/A       88%         3
 Agony                    Necr           0%         N/A       100%        5
 Silence                  Hex/Air        0%         N/A       100%        5


Dungeon Overview and Level Annotations

Branches:
Dungeon (2/15)

Altars:

Annotations:
D:2 Crazy Yiuf


Message History

Crazy Yiuf shouts!
Sorry, you're not good enough to have a special ability.
Okay, then.
You open the door. You barely miss Crazy Yiuf.
Crazy Yiuf hits you with a +4 quarterstaff of chaos!
You are electrocuted!
You barely miss Crazy Yiuf.
Crazy Yiuf hits you with a +4 quarterstaff of chaos!
You are lethally poisoned!
You are too injured to fight recklessly!
You are too injured to fight recklessly!
You are too injured to fight recklessly!
You are too injured to fight recklessly!
You are too injured to fight recklessly!
You are too injured to fight recklessly!
You are too injured to fight recklessly!
You are too injured to fight recklessly!
You are too injured to fight recklessly!
You are too injured to fight recklessly!
You are too injured to fight recklessly!
Unknown command.
You are too injured to fight recklessly!
Unknown command.
You are too injured to fight recklessly!
You barely miss Crazy Yiuf.
* * * LOW HITPOINT WARNING * * *
You feel very sick. You block Crazy Yiuf's attack.
You barely miss Crazy Yiuf.
* * * LOW HITPOINT WARNING * * *
You feel very sick. You block Crazy Yiuf's attack.
Unknown command.
Unknown command.
You closely miss Crazy Yiuf.
* * * LOW HITPOINT WARNING * * *
You feel very sick. Crazy Yiuf hits you but does no damage.
You are electrocuted!
You die...

###### #....# #.##.# ##+##.##
#....... ###### ######## #.......
#....###....#.### ### #.......
#....##......#..##...# #.......
............####@g...# #.......
#....##....## ###..)# #......(
#####...#### ### #....... #.#.#
###....... #.#.# #.........
#####.#.###################.#.###
.)....#.#.>......................
#####.......#################.###
#.......######............#


You could see Crazy Yiuf.

Vanquished Creatures
  Sigmund (D:2)
  Robin (D:1)
  2 adders (D:2)
  A ball python (D:1)
  2 endoplasms
  2 giant cockroaches (D:1)
  6 hobgoblins
  5 kobolds
  8 bats
  3 frilled lizards (D:1)
  12 goblins
  A rat (D:2)
44 creatures vanquished.

Notes
Turn   | Place    | Note
-------+----------+-------------------------------------------
     0 | D:1      | Kinoniko the Hill Orc Monk began the quest for the Orb.
     0 | D:1      | Reached XP level 1. HP: 19/19 MP: 1/1
   435 | D:1      | Reached XP level 2. HP: 24/27 MP: 2/2
   684 | D:1      | Reached skill level 5 in Axes
   812 | D:1      | Found a faded altar of an unknown god.
  1069 | D:2      | Noticed Robin
  1133 | D:1      | Reached XP level 3. HP: 23/31 MP: 3/3
  1135 | D:1      | Killed Robin
  1136 | D:1      | Reached skill level 1 in Shields
  1612 | D:2      | Reached XP level 4. HP: 30/40 MP: 4/4
  1896 | D:2      | Found a runed translucent door.
  1897 | D:2      | Noticed Crazy Yiuf
  1915 | D:2      | Noticed Sigmund
  1938 | D:2      | Killed Sigmund
  1939 | D:2      | Reached skill level 7 in Axes
  1939 | D:2      | Reached XP level 5. HP: 29/46 MP: 5/5
  2346 | D:2      | Reached XP level 6. HP: 40/52 MP: 6/6
  2551 | D:2      | Slain by Crazy Yiuf

Illustrated notes

Levels and vault maps discovered:
D:1:      pf_arrival_petrified_forest, layout_rooms,
          shapermc_ecumenical_altar_totnotflames
D:2:      layout_basic, chequers_jeans, hangedman_decor_slide_cut, uniq_robin,
          uniq_sigmund, uniq_crazy_yiuf_cottage

Skill      XL: |  1  2  3  4 |
---------------+-------------+-----
Axes           | 5 7 |  7.5
Shields        | 1 3 |  3.0
Fighting       | |  3.6
Dodging        | |  2.4
Stealth        | |  1.6

Action                   |  1- 3 |  4- 6 || total
-------------------------+-------+-------++-------
Melee: Hand axe          |   140 |    51 ||   191
       Punch             |     1 |       ||     1
  Use: Potion            |       |     4 ||     4
 Stab: Sleeping          |     1 |       ||     1
Armor: Robe              |     8 |       ||     8
       Leather armour    |    60 |    11 ||    71
Dodge: Dodged            |   108 |    20 ||   128
Block: Buckler           |    28 |     6 ||    34

Table legend: (Time is in decaauts)
 A = Elapsed time spent in this place.
 B = Non-inter-level travel time spent in this place.
 C = Inter-level travel time spent in this place.
 D = Time resting spent in this place.
 E = Time spent auto-exploring this place.
 F = Levels seen in this place.
 G = Mean time per level.
                   A        B        C        D        E       F      G
               +--------+--------+--------+--------+--------+-----+--------+
         Total |   2543 |   2512 |     31 |    134 |   1994 |   2 | 1271.5 |
       Dungeon |   2543 |   2512 |     31 |    134 |   1994 |   2 | 1271.5 |
               +--------+--------+--------+--------+--------+-----+--------+

Top non-repeatable levels by time:
     D:2: 1302 daAuts
     D:1: 1241 daAuts
